 Dungeon Crawl Stone Soup version 0.27-a0-1149-g4505690ab0 (webtiles) character file.

Game seed: 3168171253439198815

53 Vomitron the Shield-Bearer (level 3, 33/33 HPs)
             Began as a Minotaur Fighter on May 14, 2021.
             Was a Follower of Vehumet.
             Quit the game on level 2 of the Dungeon.
             The game lasted 00:01:44 (1500 turns).

Vomitron the Shield-Bearer (Minotaur Fighter)       Turns: 1500, Time: 00:01:45

Health: 33/33      AC:  8    Str: 21    XL:     3   Next: 62%
Magic:  2/2        EV:  7    Int:  5    God:    Vehumet [*.....]
Gold:   38         SH:  9    Dex:  9    Spells: 2/2 levels left

rFire    . . .     SeeInvis .   a - +0 long sword
rCold    . . .     Faith    .   c - +0 kite shield
rNeg     . . .     Spirit   .   b - +0 scale mail
rPois    .         Reflect  .   (helmet restricted)
rElec    .         Harm     .   f - +0 cloak
rCorr    .         Rampage  .   (no gloves)
Will     .....                  (no boots)
Stlth    ..........             (no amulet)
HPRegen  0.11/turn              (no ring)
MPRegen  0.08/turn              (no ring)

@: no status effects
A: horns 2, retaliatory headbutt
a: Renounce Religion


You were on level 2 of the Dungeon.
You worshipped Vehumet.
Vehumet was aware of your devotion.
You visited 1 branch of the dungeon, and saw 2 of its levels.

You collected 38 gold pieces.

Inventory:

Hand Weapons
 a - a +0 long sword (weapon)
Armour
 b - a +0 scale mail (worn)
 c - a +0 kite shield (worn)
 f - a +0 cloak (worn)
Jewellery
 g - a ring of willpower
Scrolls
 e - a scroll of noise {unknown}
 h - a scroll of enchant weapon {unknown}
 i - a scroll of enchant armour {unknown}
Potions
 d - a potion of might
 j - a potion of curing {unknown}


   Skills:
 + Level 4.0 Fighting
 * Level 3.6 Long Blades
 - Level 4.0 Armour
 + Level 0.3 Dodging
 + Level 4.1 Shields


You had 2 spell levels left.
You didn't know any spells.
Your spell library contained the following spells:

 Spells                   Type           Power      Damage    Failure   Level
 Shock                    Conj/Air       0%         1d3       99%         1
 Sandblast                Erth           0%         2d4       99%         1
 Passwall                 Tmut/Erth      0%         N/A       100%        2
 Stone Arrow              Conj/Erth      0%         3d7       100%        3
 Petrify                  Tmut/Erth      0%         N/A       100%        4
 Lee's Rapid Deconstruct  Erth           0%         3d5*      100%        5


Dungeon Overview and Level Annotations

Branches:
Dungeon (2/15)

Altars:
Vehumet

Shops:
D:2 [


Innate Abilities, Weirdness & Mutations

You have a pair of horns on your head.
You reflexively headbutt those who attack you in melee.


Message History

A rat is nearby!
You hit the rat but do no damage. The rat bites you but does no damage.
You block the rat's attack.
You slash the rat!
You kill the rat!
No target in view!
No target in view!
You open the door.
Found a faded altar of an unknown god.
There is an open door here.
There is an open door here.
Found 18 stones.
Found 8 stones.
No target in view!
You see here 18 stones.
A ball python comes into view.
The ball python hisses angrily.
A ball python is nearby!
A ball python is nearby!
Your shield prevents you from hitting the ball python.
The ball python closely misses you. You furiously retaliate!
You headbutt the ball python!
You kill the ball python!
No target in view!
No target in view!
No target in view!
No target in view!
No target in view!
No target in view!
You see here 18 stones.
There is an open door here.
There is a faded altar of an unknown god here.
You cannot tell which god this altar belongs to.
Convert to them anyway?
Okay, then.
You cannot tell which god this altar belongs to.
Convert to them anyway?
Vehumet accepts your prayer! Vehumet welcomes you!
You can now gain magical power from killing.
Vehumet offers you knowledge of Shock.
Are you sure you want to abandon this character and quit the game? (Confirm with "yes".)

#.....# #.###'###
############.#.P..P#
.............#..PP.#
########.#####..P.P#
########.#####...PP#
#.#..........##...##
.#...###.....###.##
###...######## #@# #
##....# #P# ##.#.#


PP. # ##.##.# PP.PP ###.###.# #PPPPP# .#..# #.# #PP..P# ...## #.# #P.P.P# ..##
#.# ###+### ..# #.# There were no monsters in sight!

Vanquished Creatures
  4 dart slugs
  5 ball pythons
  2 endoplasms (D:1)
  A giant cockroach (D:1)
  8 goblins
  3 hobgoblins
  2 jackals (D:1)
  9 bats (D:1)
  A frilled lizard (D:1)
  A kobold (D:2)
  7 rats
43 creatures vanquished.

Notes
Turn   | Place    | Note
-------+----------+-------------------------------------------
     0 | D:1      | Vomitron the Minotaur Fighter began the quest for the Orb.
     0 | D:1      | Reached XP level 1. HP: 19/19 MP: 0/0
   209 | D:1      | Reached XP level 2. HP: 27/27 MP: 1/1
   455 | D:1      | Reached XP level 3. HP: 32/33 MP: 2/2
  1027 | D:2      | Found Jaast's Armour Emporium.
  1437 | D:2      | Found a faded altar of an unknown god.
  1499 | D:2      | Became a worshipper of Vehumet
  1499 | D:2      | Reached * piety under Vehumet
  1499 | D:2      | Offered knowledge of Shock by Vehumet.
  1500 | D:2      | Quit the game

Illustrated notes

Levels and vault maps discovered:
D:1:      mrwooster_arrival_statue, layout_loops_corners,
          chequers_serial_rivers_micro_c
D:2:      layout_loops_ring, serial_shops, shop,
          shapermc_ecumenical_altar_flowoftime, kennysheep_generic_room_7

Skill      XL: |  1  2  3 |
---------------+----------+-----
Long Blades    | 3 |  3.6
Shields        | 4 |  4.1
Fighting       | 4 |  4.0
Armour         | 4 |  4.0
Dodging        | |  0.3

Action                   || total
-------------------------++-------
Melee: Long sword        ||    98
       Headbutt          ||    12
Armor: Scale mail        ||    55
Dodge: Dodged            ||    23
Block: Kite shield       ||    56
       Rpst.: Long sword ||     4

Table legend: (Time is in decaauts)
 A = Elapsed time spent in this place.
 B = Non-inter-level travel time spent in this place.
 C = Inter-level travel time spent in this place.
 D = Time resting spent in this place.
 E = Time spent auto-exploring this place.
 F = Levels seen in this place.
 G = Mean time per level.
                   A        B        C        D        E       F      G
               +--------+--------+--------+--------+--------+-----+--------+
         Total |   1544 |   1463 |     81 |      0 |   1214 |   2 |  772.0 |
       Dungeon |   1544 |   1463 |     81 |      0 |   1214 |   2 |  772.0 |
               +--------+--------+--------+--------+--------+-----+--------+

Top non-repeatable levels by time:
     D:1: 1062 daAuts
     D:2: 482 daAuts
